 Dungeon Crawl Stone Soup version 0.28.0-53-g5a82cb258f (webtiles) character file.

Game seed: 9499913018095533955

500 jiml777 the Gusty (level 7, -1/51 HPs)
             Began as a Gnoll Air Elementalist on July 8, 2022.
             Was an Initiate of Ashenzari.
             Slain by a black bear (6 damage)
             ... on level 7 of the Dungeon.
             The game lasted 00:21:47 (4124 turns).

jiml777 the Gusty (Gnoll Air Elementalist)          Turns: 4124, Time: 00:21:47

Health: -1/51      AC:  9    Str:  7    XL:     7   Next: 16%
Magic:  15/15      EV: 13    Int: 17    God:    Ashenzari [......]
Gold:   145        SH:  0    Dex: 12    Spells: 7/17 levels left

rFire   . . .      SeeInvis .   a - +5 flail (venom)
rCold   . . .      Faith    .   (no shield)
rNeg    . . .      Spirit   .   l - +2 robe
rPois   .          Reflect  .   p - +0 helmet
rElec   .          Harm     .   s - +1 cloak
rCorr   .          Rampage  .   (no gloves)
Will    .....                   c - +1 pair of boots
Stlth   +++.......              d - amulet of regeneration
HPRegen 0.97/turn               (no ring)
MPRegen 0.14/turn               (no ring)

@: swift, slowed
A: fangs 1, strong nose, distributed training
a: Renounce Religion


You were on level 7 of the Dungeon.
You worshipped Ashenzari.
Ashenzari was noncommittal.
You visited 2 branches of the dungeon, and saw 6 of its levels.

You collected 145 gold pieces.

Inventory:

Hand Weapons
 a - a +5 flail of venom (weapon)
 m - a +0 dagger of electrocution
 q - a +1 dagger of pain
 t - a +4 quarterstaff of chaos
 w - a +0 rapier
 y - a +0 long sword of holy wrath
 D - a +0 hunting sling of freezing
Missiles
 b - 6 atropa-tipped darts
 f - 9 poisoned darts
 i - 47 sling bullets
 j - 81 arrows
 n - 38 stones
 C - a throwing net
Armour
 c - a +1 pair of boots (worn)
 l - a +2 robe (worn)
 p - a +0 helmet (worn)
 s - a +1 cloak (worn)
Jewellery
 d - an amulet of regeneration (around neck)
 e - an amulet of reflection
Wands
 r - a wand of flame (18)
 B - a wand of iceblast (9)
Scrolls
 g - 2 scrolls of identify {unknown}
 o - a scroll of torment {unknown}
 u - 2 scrolls of teleportation {unknown}
 v - 2 scrolls of enchant weapon {unknown}
Potions
 h - a potion of heal wounds {unknown}
 k - a potion of haste {unknown}
 x - a potion of magic
 z - a potion of brilliance {unknown}
 A - a potion of invisibility {unknown}


   Skills:
 + Level 2.3 Fighting
 + Level 2.3 Short Blades
 + Level 2.3 Long Blades
 + Level 2.3 Axes
 + Level 2.3 Maces & Flails
 + Level 2.3 Polearms
 + Level 2.3 Staves
 + Level 2.3 Slings
 + Level 2.3 Bows
 + Level 2.3 Crossbows
 + Level 2.3 Throwing
 + Level 2.3 Armour
 + Level 5.1 Dodging
 + Level 4.8 Stealth
 + Level 2.3 Shields
 + Level 2.3 Unarmed Combat
 + Level 5.5 Spellcasting
 + Level 2.9 Conjurations
 + Level 1.9 Hexes
 + Level 1.9 Summonings
 + Level 1.9 Necromancy
 + Level 1.9 Translocations
 + Level 1.9 Transmutations
 + Level 1.9 Fire Magic
 + Level 1.9 Ice Magic
 + Level 5.8 Air Magic
 + Level 1.9 Earth Magic
 + Level 1.9 Poison Magic
 + Level 2.5 Invocations
 + Level 2.3 Evocations


You had 7 spell levels left.
You knew the following spells:

 Your Spells              Type           Power      Damage    Failure   Level
a - Shock                 Conj/Air       76%        1d7       2%          1
b - Static Discharge      Conj/Air       19%        N/A       3%          2
c - Swiftness             Air            24%        N/A       3%          3
d - Airstrike             Air            12%        N/A       12%         4

Your spell library contained the following spells:

 Spells                   Type           Power      Damage    Failure   Level
 Frozen Ramparts          Ice            22%        1d4       19%         3
 Tukima's Dance           Hex            11%        N/A       19%         3
 Fulminant Prism          Conj/Hex       6%         3d7       45%         4
 Iskenderun's Mystic Bla  Conj/Tloc      12%        2d5       45%         4
 Passage of Golubria      Tloc           11%        N/A       52%         4
 Lee's Rapid Deconstruct  Erth           5%         3d7*      86%         5
 Metabolic Englaciation   Hex/Ice        5%         N/A       86%         5
 Yara's Violent Unravell  Hex/Tmut       5%         3d4       86%         5
 Polar Vortex             Ice            5%         N/A       100%        9


Dungeon Overview and Level Annotations

Branches:
Dungeon (4/15)             Temple (1/1) D:4

Altars:
Ashenzari
Cheibriados
Dithmenos
Elyvilon
Gozag
Hepliaklqana
Kikubaaqudgha
Nemelex Xobeh
Okawaru
Qazlal
Ru
Sif Muna
Trog
Uskayaw
Vehumet
Wu Jian
Xom
Yredelemnul
Zin
The Shining One

Shops:
D:3 [

Annotations:
D:7 Pikel


Innate Abilities, Weirdness & Mutations

You have very sharp teeth.
Your uncanny sense of smell can sniff out nearby items.
Your experience applies equally to all skills.


Message History

Confirm with . or Enter, or press ? or * to list all spells.
Aiming: Shock (safe; 2% risk of failure)
Press: ? - help, Shift-Dir - straight line The zap hits the black bear.
The black bear is heavily wounded.
The zap hits the black bear.
The black bear is severely wounded.
The zap hits the kobold brigand.
The kobold brigand is heavily wounded.
The zap hits the lemure.
The lemure is lightly wounded.
You feel sick.
The black bear goes berserk!
The black bear barely misses you.
The black bear claws you but does no damage.
The black bear barely misses you.
Casting: Shock (safe; 2% risk of failure)
Confirm with . or Enter, or press ? or * to list all spells.
Aiming: Shock (safe; 2% risk of failure)
Press: ? - help, Shift-Dir - straight line The zap hits the black bear.
The black bear is almost dead.
The zap hits the black bear.
The black bear is almost dead.
The zap hits the kobold brigand but does no damage.
The kobold brigand is heavily wounded.
The zap misses the lemure.
You feel sick.
The black bear bites you but does no damage.
The black bear barely misses you. The black bear claws you.
* * * LOW HITPOINT WARNING * * *
The black bear bites you!
* * * LOW HITPOINT WARNING * * *
The black bear closely misses you. x2
It was a potion of magic.
Magic courses through your body.
You feel sick.
You are no longer poisoned.
The black bear bites you.
* * * LOW HITPOINT WARNING * * *
The black bear closely misses you. The black bear barely misses you.
The black bear misses you.
The black bear claws you but does no damage.
The black bear claws you.
You die...

####### .......
....... ## #.
$...... ##. #. .
..... .. #...#.#.
##... ...##.......
#..#
..........#.####@#
....#.#.#...##Kh.#
..........#..55###
....#........###
........$##.##
.....?......#..#
#...............#
............###..#
#.........### #


You could see a black bear (berserk), a kobold brigand and 2 lemures.

Vanquished Creatures
  Sigmund (D:2)
  A necrophage (D:4)
  Crazy Yiuf (D:2)
  Terence (D:3)
  Jessica (D:2)
  An iguana (D:4)
  Robin (D:2)
  3 gnolls (D:4)
  3 adders
  An adder skeleton (D:2)
  2 worms
  A dart slug (D:4)
  3 orcs (D:4)
  6 bats
  7 endoplasms
  A giant cockroach (D:2)
  8 goblins
  11 hobgoblins
  2 jackals (D:1)
  A quokka (D:1)
  8 ball pythons
  4 frilled lizards
  9 kobolds
  5 rats
82 creatures vanquished.

Vanquished Creatures (others)
  A fungus (D:2)
1 creature vanquished.

Grand Total: 83 creatures vanquished

Notes
Turn   | Place    | Note
-------+----------+-------------------------------------------
     0 | D:1      | jiml777 the Gnoll Air Elementalist began the quest for the
                  | Orb.
     0 | D:1      | Reached XP level 1. HP: 13/13 MP: 6/6
   178 | D:1      | Reached XP level 2. HP: 19/19 MP: 4/7
   653 | D:1      | Found a faded altar of an unknown god.
  1090 | D:2      | Reached skill level 5 in Spellcasting
  1090 | D:2      | Reached XP level 3. HP: 24/25 MP: 2/9
  1295 | D:2      | Noticed Jessica
  1309 | D:2      | Reached skill level 1 in Invocations
  1315 | D:2      | Killed Jessica
  1316 | D:2      | Reached skill level 1 in Fighting
  1316 | D:2      | Reached skill level 1 in Short Blades
  1316 | D:2      | Reached skill level 1 in Long Blades
  1316 | D:2      | Reached skill level 1 in Axes
  1316 | D:2      | Reached skill level 1 in Maces & Flails
  1316 | D:2      | Reached skill level 1 in Polearms
  1316 | D:2      | Reached skill level 1 in Staves
  1316 | D:2      | Reached skill level 1 in Slings
  1316 | D:2      | Reached skill level 1 in Bows
  1316 | D:2      | Reached skill level 1 in Crossbows
  1316 | D:2      | Reached skill level 1 in Throwing
  1316 | D:2      | Reached skill level 1 in Armour
  1316 | D:2      | Reached skill level 1 in Shields
  1316 | D:2      | Reached skill level 1 in Unarmed Combat
  1316 | D:2      | Reached skill level 1 in Evocations
  1316 | D:2      | Reached XP level 4. HP: 29/32 MP: 1/11
  1720 | D:2      | Noticed Robin
  1724 | D:2      | Killed Robin
  1725 | D:2      | Reached skill level 1 in Hexes
  1725 | D:2      | Reached skill level 1 in Summonings
  1725 | D:2      | Reached skill level 1 in Necromancy
  1725 | D:2      | Reached skill level 1 in Translocations
  1725 | D:2      | Reached skill level 1 in Transmutations
  1725 | D:2      | Reached skill level 1 in Fire Magic
  1725 | D:2      | Reached skill level 1 in Ice Magic
  1725 | D:2      | Reached skill level 1 in Earth Magic
  1725 | D:2      | Reached skill level 1 in Poison Magic
  1777 | D:2      | Noticed Sigmund
  1786 | D:2      | Killed Sigmund
  1787 | D:2      | Reached XP level 5. HP: 28/38 MP: 4/12
  1787 | D:2      | Reached XP level 6. HP: 33/44 MP: 4/13
  1876 | D:2      | Learned a level 2 spell: Static Discharge
  1880 | D:2      | Learned a level 3 spell: Swiftness
  1885 | D:2      | Learned a level 4 spell: Airstrike
  2373 | D:2      | Found a runed translucent door.
  2374 | D:2      | Noticed Crazy Yiuf
  2384 | D:2      | Killed Crazy Yiuf
  2534 | D:3      | Found Unev's Antique Armour Emporium.
  2538 | D:3      | Reached skill level 5 in Dodging
  2589 | D:3      | Noticed Terence
  2612 | D:3      | Killed Terence
  2921 | D:3      | Got the Reference Book on the Frostbite
  3466 | D:4      | Noticed a necrophage
  3471 | D:4      | Noticed a necrophage
  3489 | D:4      | Killed a necrophage
  3525 | D:4      | Found a staircase to the Ecumenical Temple.
  3539 | Temple   | Entered the Ecumenical Temple
  3926 | Temple   | Became a worshipper of Ashenzari the Shackled
  3986 | D:4      | Reached XP level 7. HP: 50/50 MP: 15/15
  4096 | D:4      | You fall into a shaft and drop 3 floors!
  4096 | D:7      | Noticed Pikel
  4124 | D:7      | Slain by a black bear

Illustrated notes

Levels and vault maps discovered:
D:1:      matt_arrival_refuge, layout_basic, nicolae_ecumenical_snake_handling,
          palyth_stone_intersect
D:2:      layout_loops_ring, uniq_sigmund, uniq_crazy_yiuf_cottage, uniq_robin,
          uniq_jessica
D:3:      layout_rooms, serial_shops, shop_fountains,
          nicolae_concentric_dashed_squares_mild, chequers_decorated_corner,
          corexii_corridor_pit, uniq_terence
D:4:      layout_cave_pools, minmay_temple_entry_drinking_statues,
          minmay_checkerbox
D:7:      layout_rooms, uniq_pikel
Temple:   mainiacjoe_temple_big_plus

Skill      XL: |  1  2  3  4  5  6 |
---------------+-------------------+-----
Conjurations   | 2 |  2.9
Spellcasting   | 5 |  5.5
Invocations    | 1 2 |  2.5
Fighting       | 1 2 |  2.3
Short Blades   | 1 2 |  2.3
Long Blades    | 1 2 |  2.3
Axes           | 1 2 |  2.3
Maces & Flails | 1 2 |  2.3
Polearms       | 1 2 |  2.3
Staves         | 1 2 |  2.3
Slings         | 1 2 |  2.3
Bows           | 1 2 |  2.3
Crossbows      | 1 2 |  2.3
Throwing       | 1 2 |  2.3
Armour         | 1 2 |  2.3
Shields        | 1 2 |  2.3
Unarmed Combat | 1 2 |  2.3
Evocations     | 1 2 |  2.3
Hexes          | 1 |  1.9
Summonings     | 1 |  1.9
Necromancy     | 1 |  1.9
Translocations | 1 |  1.9
Transmutations | 1 |  1.9
Fire Magic     | 1 |  1.9
Ice Magic      | 1 |  1.9
Earth Magic    | 1 |  1.9
Poison Magic   | 1 |  1.9
Dodging        | 5 |  5.1
Stealth        | |  4.8
Air Magic      | |  5.8

Action                   |  1- 3 |  4- 6 |  7- 9 || total
-------------------------+-------+-------+-------++-------
Melee: Dagger            |    30 |   130 |       ||   160
       Bite              |     1 |    21 |     2 ||    24
       Punch             |       |     3 |       ||     3
       Flail             |       |    12 |    20 ||    32
       Quarterstaff      |       |     9 |       ||     9
 Cast: Shock             |    34 |    35 |     7 ||    76
       Swiftness         |       |       |     1 ||     1
  Use: Potion            |       |       |     1 ||     1
 Stab: Sleeping          |     3 |     5 |       ||     8
       Distracted        |       |     1 |       ||     1
Armor: Robe              |     3 |    57 |    20 ||    80
Dodge: Dodged            |    25 |   140 |    28 ||   193
Block: Other             |     4 |    19 |       ||    23
